Map: Lerilak Crest

Players

JonSnow

  • Race: Zerg Zerg
  • League: Grandmaster

CMStormPolt (Polt) - Winner!

  • Race: Terran Terran
  • League: Grandmaster

VOD

Have the link to the VOD?

Description

Time

  • Played on: Feb. 13, 2016, 7:35 p.m.
  • Length: 8:03
Show
View Real Time Build Order
Export as new Build Order

JonSnow Zerg 

Build Orders: Hatch First 

Get SALT Encoding   

  12  0:00  Drone  
  13  0:12  Overlord  
  13  0:18  Drone  
  14  0:31  Drone x2  
  14  0:35  Drone  
  17  0:53  Hatchery  
  17  0:56  Drone  
  17  1:04  Drone  
  18  1:05  Extractor  
  17  1:15  Spawning Pool  
  17  1:17  Drone  
  17  1:24  Overlord  
  17  1:28  Drone  
  18  1:43  Drone  
  19  2:02  Zergling x4, Queen  
  19  2:04  Queen  
  19  2:05  Zergling x2  
  26  2:09  Metabolic Boost  
  26  2:17  Drone x2  
  28  2:24  Drone  
  29  2:31  Drone  
  30  2:38  Drone  
  30  2:39  Drone  
  30  2:40  Queen  
  34  2:47  Overlord  
  34  2:53  Overlord  
  34  2:54  Overlord  
  34  3:11  Zergling x12  
  40  3:15  Zergling x6  
  43  3:20  Drone  
  43  3:26  Drone  
  45  3:32  Drone x2  
  45  3:33  Hatchery  
  46  3:40  Overlord  
  46  3:41  Drone x2  
  46  3:57  Drone x4  
  46  3:58  Drone x2  
  46  4:09  Drone x2  
  44  4:11  Extractor x2  
  44  4:14  Drone  
  43  4:18  Roach Warren  
  42  4:39  Overlord  
  42  4:42  Drone x6  
  48  4:50  Overlord  
  48  4:53  Drone x5  
  48  4:54  Extractor  
  48  4:55  Drone  
  48  4:57  Drone  
  54  5:01  Queen  
  54  5:04  Zergling x2  
  54  5:06  Roach  
  54  5:07  Roach  
  61  5:10  Roach x3  
  67  5:18  Roach x4  
  67  5:21  Zergling x2  
  73  5:22  Zergling x2  
  74  5:29  Overlord  
  74  5:30  Zergling x2  
  73  5:37  Roach  
  73  5:38  Roach x3  
  81  5:44  Overlord x2  
  81  5:53  Roach  
  81  5:54  Roach x3  
  81  5:55  Drone  
  89  6:04  Roach x2  
  89  6:05  Roach x2  
  89  6:07  Ravager x4  
  89  6:10  Drone x2  
  102  6:12  Roach  
  102  6:14  Zergling x2  
  102  6:17  Overlord  
  105  6:22  Overlord  
  105  6:30  Overlord  
  105  6:32  Ravager  
  106  6:35  Overlord  
  106  6:38  Ravager x3  
  109  6:41  Zergling x10  
  109  6:42  Zergling x4  
  109  6:45  Roach  
  118  6:48  Zergling x2  
  118  6:50  Ravager  
  118  6:53  Roach x2  
  124  6:55  Roach  
  124  7:00  Ravager  
  124  7:01  Zergling x6  
  130  7:04  Roach x2  
  130  7:07  Zergling x4  
  121  7:18  Zergling x8  
  121  7:22  Zergling x2  
  118  7:27  Zergling x2  
  118  7:28  Zergling x2  
  118  7:31  Zergling x4  
  118  7:34  Zergling x4  
  121  7:37  Roach  
  121  7:41  Spine Crawler  
  121  7:43  Spine Crawler  
Show
View Real Time Build Order
Export as new Build Order

CMStormPolt Terran - Winner!

Build Orders: Reaper Expand, MMM Bio 

Get SALT Encoding   

  12  0:00  SCV  
  13  0:13  SCV  
  14  0:17  Supply Depot  
  14  0:25  SCV  
  15  0:38  SCV  
  15  0:39  Barracks  
  16  0:43  Refinery  
  16  0:50  SCV  
  17  1:02  SCV  
  18  1:15  SCV  
  19  1:27  Orbital Command, Reaper  
  20  1:42  Command Center  
  20  1:52  SCV  
  20  1:53  Supply Depot  
  21  1:59  Marine  
  22  2:04  SCV  
  22  2:08  Factory  
  23  2:14  Refinery  
  23  2:16  SCV  
  24  2:24  Barracks Reactor  
  24  2:28  SCV  
  25  2:41  SCV  
  26  2:53  Starport, SCV  
  26  2:55  Orbital Command  
  26  2:56  Bunker  
  26  2:57  Factory Tech Lab  
  27  3:01  Marine x2  
  27  3:05  SCV  
  30  3:17  SCV  
  30  3:18  Marine x2  
  36  3:20  Siege Tank  
  36  3:23  SCV  
  37  3:28  Supply Depot  
  37  3:29  SCV  
  38  3:35  SCV  
  38  3:40  Medivac  
  41  3:43  SCV  
  41  3:47  SCV  
  42  3:48  Marine x2  
  43  3:56  SCV  
  43  3:59  SCV  
  40  4:08  SCV  
  40  4:11  SCV  
  39  4:23  Barracks x2, Starport Reactor  
  39  4:24  Barracks  
  39  4:25  SCV  
  39  4:26  SCV  
  39  4:27  Barracks  
  39  4:29  Marine  
  42  4:34  Stimpack  
  42  4:36  Factory Reactor  
  42  4:41  SCV x2  
  44  4:49  Marine  
  44  4:50  Supply Depot  
  45  4:53  SCV x2  
  47  5:05  Engineering Bay, SCV x2  
  49  5:09  Supply Depot  
  49  5:11  Barracks Reactor  
  49  5:13  Supply Depot  
  49  5:22  Marine x3  
  49  5:23  SCV x2  
  49  5:26  Factory Tech Lab  
  54  5:35  Supply Depot  
  54  5:36  SCV x2  
  54  5:37  Terran Infantry Weapons Level 1  
  54  5:41  Marine x6  
  62  5:43  Marine  
  62  5:48  Siege Tank  
  66  5:51  Medivac  
  66  5:56  Supply Depot  
  68  6:02  Marine x2  
  68  6:03  Marine x3  
  73  6:05  Marine x4  
  77  6:13  Supply Depot  
  77  6:19  Supply Depot  
  77  6:20  Siege Tank  
  77  6:21  Medivac  
  77  6:24  Marine x5  
  87  6:26  Marine x3  
  87  6:28  Marine  
  91  6:35  Combat Shields  
  91  6:41  Supply Depot  
  91  6:44  Supply Depot  
  91  6:45  Marine x2  
  91  6:46  Marine x3  
  96  6:48  Marine x4  
  100  7:04  Siege Tank  
  103  7:10  Medivac  
  103  7:13  Marine x8  
  103  7:14  Marine  
  83  7:31  Marine x9  
Tags
 
Add a new tag
Caveats
  • Supply blocks, unpowered buildings, or Contaminate may cause inaccurate times.
  • Supply counts are checked every 10 seconds.